[Event "Late-Titled-Tuesday-Blitz-October-24-2023"]
[Site "Chess.com"]
[Date "2023.10.24"]
[Round "2"]
[White "leschebaza"]
[Black "Andrej2004"]
[Result "0-1"]
[WhiteElo "2308"]
[BlackElo "2520"]
[TimeControl "180+1"]
[EndTime "14:18:50 PDT"]
[Termination "Andrej2004 won by checkmate"]

1. Nf3 b6 2. c4 Bb7 3. e3 g6 4.
Nc3 Bg7 5. b3 Nf6 6. Bb2 O-O 7.
d4 d5 8. Be2 c5 9. dxc5 bxc5 10. O-O dxc4 11. Bxc4 Nc6 12. Qe2 Qc7 13. Nd1 Rad8 14. Nc3 Ng4 15. h3 Nge5 16. Nb5 Qb8 17.
Nxe5 Nxe5 18. Bxe5 Bxe5 19. Rad1 a6 20. Na3 Qc7 21.
f4 Bf6 22. Nc2 Qc6 23. Ne1 Rxd1 24. Qxd1 Qe4 25. Qd3 Qc6 26. Nf3 e6 27. Rd1 Rd8 28. Qe2 Rxd1+ 29. Qxd1 Qe4 30. Qd3 Qc6 31. a4 a5 32. Bb5 Qb6 33. Nd2 Kg7 34. Nc4 Qc7 35. g4 Ba8 36. g5 Be7 37. Qc3+ f6 38. gxf6+ Bxf6 39. Qxa5 Qb7 40. Kf2 Qg2+ 41. Ke1 Bf3 42. Qc7+ Kh6 43. Nd2 Bh4# 0-1

[Event "Late-Titled-Tuesday-Blitz-October-24-2023"]
[Site "Chess.com"]
[Date "2023.10.24"]
[Round "2"]
[White "egnfanclub"]
[Black "chess94cu"]
[Result "1-0"]
[WhiteElo "2372"]
[BlackElo "2644"]
[TimeControl "180+1"]
[EndTime "14:18:51 PDT"]
[Termination "egnfanclub won on time"]

1. e4 d5 2. exd5 Nf6 3. d4 Bg4 4. Be2 Bxe2 5. Qxe2 Qxd5 6. Nf3 e6 7. c4 Qd8 8. Nc3 c6 9. O-O Be7 10. Re1 O-O 11. Bg5 Re8 12. Rad1 Nbd7 13. Ne5 Nxe5 14. dxe5 Nd7 15. Bxe7 Qxe7 16. Rd3 Nb6 17. b3 Rad8 18. Ne4 Rxd3 19. Qxd3 Rd8 20. Qg3 Rd4 21. Nf6+ Kh8 22. Nh5 g6 23. Nf6 Nd7 24. Qe3 Rh4 25.
g3 Rh3 26. Kg2 Rh5 27. Nxh5 gxh5 28. Qh6 Nf8 29. Rd1 Ng6 30. Qxh5 Kg7 31. h4 h6 32. Rd6 Qc7 33. Qg4 Qa5 34. h5 Qxe5 35. Rd7 Kf8 36.
hxg6 fxg6 37. Qxg6 1-0

[Event "Late-Titled-Tuesday-Blitz-October-24-2023"]
[Site "Chess.com"]
[Date "2023.10.24"]
[Round "2"]
[White "Payyappat"]
[Black "Nikita_Klepikov"]
[Result "1-0"]
[WhiteElo "2518"]
[BlackElo "2295"]
[TimeControl "180+1"]
[EndTime "14:18:51 PDT"]
[Termination "Payyappat won on time"]

1. e4 c5 2. Nf3 Nc6 3. d4 cxd4 4. Nxd4 g6 5. Nc3 Bg7 6. Be3 Nf6 7. f4 d6 8. Be2 O-O 9. O-O Bd7 10. Kh1 a6 11.
Bf3 Re8 12. Qe2 Nxd4 13. Bxd4 Bc6 14. Rad1 Qa5 15. e5 Nd7 16. e6 Nf6 17. exf7+ Kxf7 18. Rde1 Qf5 19. Qc4+ d5 20. Qb3 Rad8 21. Re5 Qd7 22.
Re2 e6 23. Rfe1 b5 24. Qb4 Bf8 25. Qa5 b4 26. Nb1 Bb5 27. Re3 Rc8 28. c3 Bd6 29. Bxf6 Kxf6 30. Bg4 Kg7 31. Bxe6 Qc7 32. Qxc7+ Rxc7 33. Bxd5 Rxe3 34. Rxe3 Bxf4 35. Rf3 Be5 36. g3 Rd7 37. c4 Bxb2 38. Rb3 Bc3 39. cxb5 Rxd5 40. b6 Rd1+ 41. Kg2 Rd6 42. b7 1-0

[Event "Late-Titled-Tuesday-Blitz-October-24-2023"]
[Site "Chess.com"]
[Date "2023.10.24"]
[Round "2"]
[White "Meri-Arabidze"]
[Black "HansOnTwitch"]
[Result "0-1"]
[WhiteElo "2628"]
[BlackElo "3033"]
[TimeControl "180+1"]
[EndTime "14:18:54 PDT"]
[Termination "HansOnTwitch won by resignation"]

1. Nf3 d5 2. b3 c5 3. e3 f6 4. d4 Nc6 5. Bb2 cxd4 6. Nxd4 e5 7. Nxc6 bxc6 8. c4 Bb4+ 9. Nd2 Ne7 10. a3 Bd6 11. Be2 a5 12. O-O O-O 13. Qc2 Be6 14. Rfd1 Qb8 15. e4 d4 16. c5 Bc7 17. Bc4 Bxc4 18.
Nxc4 Kh8 19. Bc1 Qb5 20. Bd2 Ng6 21. b4 axb4 22. axb4 Rfd8 23. g3 Nf8 24. Qb3 h6 25.
Ra2 Rxa2 26. Qxa2 d3 27. Bc3 Ne6 28. Nxe5 Bxe5 29. Bxe5 Ng5 30. Bd6 d2 31. Rxd2 Nf3+ 32. Kg2 Nxd2 33. Qxd2 Qc4 34. Qe3 Re8 35. e5 fxe5 36. h4 Qd5+ 37. Kg1 e4 38. Qf4 Kg8 39. Qe3 Ra8 40. Kh2 Qd3 41. Qf4 Qf3 42. Qxf3 exf3 43. g4 Ra4 44. Kg3 Rxb4 45. Kxf3 h5 46. gxh5 Rxh4 47.
Kg3 Rxh5 48. f4 Rd5 49. Kg4 g6 50. Kf3 Kf7 51. Ke4 Ke6 52. Kf3 Kf5 53. Ke3 Rd1 54. Kf3 Rd3+ 55. Ke2 Ke4 56. Be5 Rf3 57. Bd6 Rxf4 0-1

[Event "Late-Titled-Tuesday-Blitz-October-24-2023"]
[Site "Chess.com"]
[Date "2023.10.24"]
[Round "2"]
[White "DefiantChair"]
[Black "KVAIDAN"]
[Result "1-0"]
[WhiteElo "2683"]
[BlackElo "2417"]
[TimeControl "180+1"]
[EndTime "14:18:54 PDT"]
[Termination "DefiantChair won by resignation"]

1. e4 e5 2. Nf3 d5 3. Nxe5 Bd6 4. d4 dxe4 5. Nc4 Nf6 6. Nc3 Nc6 7. Bg5 Be7 8. d5 Nb4 9. Bxf6 Bxf6 10. Ne3 O-O 11.
a3 Na6 12. Bxa6 bxa6 13. O-O Rb8 14. Rb1 Qe7 15. Qd2 Bd7 16. Rfe1 Rfe8 17. b4 a5 18. Ne2 axb4 19. axb4 Bb5 20. Nd4 a6 21. c4 Qe5 22.
cxb5 Qxd4 23. Qxd4 Bxd4 24. bxa6 Rb6 25. b5 Reb8 26. a7 Ra8 27. Nc4 Rb7 28. Rxe4 Bc5 29.
Ne5 Rbxa7 30. Rbe1 Ra1 31. Nd3 Rxe1+ 32. Rxe1 Bd6 33.
Kf1 g6 34. Rb1 Ra2 35. b6 cxb6 36. Rxb6 Rd2 37. Rxd6 Rxd3 38. Ke2 Rd4 39. Ke3 Rd1 40. Rd8+ Kg7 41. f4 Kf6 42. g4 Ke7 43. Rh8 Rxd5 44.
Rxh7 Kf6 45. g5+ Ke6 46. Kf3 Rd3+ 47. Kg4 Rd2 48. h4 Rg2+ 49. Kf3 Rb2 50. h5 gxh5 51.
Rh6+ Ke7 52. Rxh5 Rb4 53. Kg4 Ra4 54. Rh7 Ke6 55. Rh6+ Ke7 56. Rb6 Rb4 57. Rxb4 Kf8 58. Rb6 Kg7 59. f5 Kh7 60. g6+ fxg6 61. fxg6+ Kh6 62.
g7+ Kxg7 63. Kf5 1-0

[Event "Late-Titled-Tuesday-Blitz-October-24-2023"]
[Site "Chess.com"]
[Date "2023.10.24"]
[Round "2"]
[White "Defend1r"]
[Black "Nekoo04"]
[Result "1-0"]
[WhiteElo "2498"]
[BlackElo "2249"]
[TimeControl "180+1"]
[EndTime "14:18:54 PDT"]
[Termination "Defend1r won by resignation"]

1. c4 e6 2. g3 Nf6 3. Bg2 d5 4. b3 Bd6 5. Nf3 O-O 6. Bb2 Nbd7 7. O-O c6 8. Nc3 b6 9. e4 dxe4 10. Ng5 Nc5 11. Ngxe4 Nd3 12. Nxd6 Qxd6 13. Qc2 Bb7 14. Rad1 Rad8 15. Ba1 Ba8 16. Ne4 Nxe4 17.
Bxe4 c5 18. Qc3 f6 19. Qxd3 Qxd3 20. Bxd3 Rxd3 21. f4 Rfd8 22. Bc3 f5 23. Rde1 Be4 24. h3 Kf7 25. Kh2 h6 26. Rf2 g5 27. fxg5 hxg5 28. Rxe4 Ke7 29. Re5 R8d7 30. Rfxf5 Rxd2+ 31. Bxd2 Rxd2+ 32. Kg1 Rd1+ 33. Rf1 Rd2 34. Rf2 Rd1+ 35. Kg2 Kd6 36. Rxg5 1-0

[Event "Late-Titled-Tuesday-Blitz-October-24-2023"]
[Site "Chess.com"]
[Date "2023.10.24"]
[Round "2"]
[White "dropstoneDP"]
[Black "lukas_111111"]
[Result "1-0"]
[WhiteElo "3100"]
[BlackElo "2634"]
[TimeControl "180+1"]
[EndTime "14:18:58 PDT"]
[Termination "dropstoneDP won on time"]

1. e4 b6 2. d4 Bb7 3. Bd3 d6 4. Nf3 Nd7 5. a4 e5 6. dxe5 dxe5 7. a5 a6 8. axb6 cxb6 9. O-O Ngf6 10. Nc3 Be7 11. Bc4 O-O 12. Re1 Qc7 13. Ba2 b5 14.
Bg5 h6 15. Bxf6 Nxf6 16. Nd5 Bxd5 17. Bxd5 Rfd8 18. c3 Nxd5 19. exd5 Bf6 20. Qb3 Qc5 21.
Nxe5 Qxd5 22. Qxd5 Rxd5 23. Nf3 b4 24. cxb4 Bxb2 25. Rab1 Bc3 26. Rec1 Bf6 27. Kf1 a5 28. b5 a4 29. b6 Rdd8 30. b7 Rab8 31. Rc6 a3 32. Ra6 Bb2 33. Ra7 Rd7 34. Ne1 Rdxb7 35. Ra4 g5 36. Nc2 Rb3 37. g4 Kg7 38. Ra6 Rc3 39.
Nxa3 Rc1+ 40. Rxc1 Bxc1 41. Nc4 Bf4 42. h3 Rb4 43. Rc6 Ra4 44. Kg2 Ra2 45. Kf3 Rc2 46. h4 Rc3+ 47. Ke4 Bc1 48. h5 Bf4 49. Rc8 Rc2 50. Kf3 Rc3+ 51. Kg2 Rc2 52. Nd6 Rxc8 53. Nxc8 f5 54. gxf5 Kf6 55. Kf3 Kxf5 56. Ne7+ Ke6 57. Ng8 Bc1 58. Nxh6 1-0

[Event "Late-Titled-Tuesday-Blitz-October-24-2023"]
[Site "Chess.com"]
[Date "2023.10.24"]
[Round "2"]
[White "matagordo"]
[Black "BasilSmash"]
[Result "0-1"]
[WhiteElo "2290"]
[BlackElo "2654"]
[TimeControl "180+1"]
[EndTime "14:18:58 PDT"]
[Termination "BasilSmash won by checkmate"]

1. d4 d5 2. Bf4 Nf6 3. e3 e6 4. Nf3 Bd6 5. Ne5 O-O 6. Nd2 b6 7. c3 c5 8. Bd3 Ba6 9. Bc2 Qc7 10. Bg3 Nc6 11. f4 Ne7 12. Qf3 Nf5 13. Bf2 Be7 14. g4 Nd6 15. g5 Nfe4 16. Nxe4 Nxe4 17. Bxe4 dxe4 18. Qg3 Bd6 19. h4 Bxe5 20. fxe5 Bd3 21. h5 b5 22. h6 g6 23. Qf4 Qe7 24. dxc5 Rfd8 25. Qf6 Qxf6 26. exf6 a5 27. Bg3 Rd5 28. Bf4 Rxc5 29. Kf2 Rf5 30. Kg2 e5 31. Bg3 Rxg5 32. a4 Rf5 33. axb5 Bxb5 34. Rhc1 Bd3 35. c4 Rxf6 36. Bxe5 Rc6 37. c5 f6 38. Bd4 Kf7 39. Ra3 Ke6 40. Rca1 Rca6 41. c6 Rxc6 42. Rxa5 Rac8 43. Ra6 g5 44. Rxc6+ Rxc6 45. Ra8 Kf5 46.
Rg8 Kg4 47. Rg7 Rc2+ 48. Kg1 f5 49. Rxh7 Kg3 50. Be5+ f4 51. exf4 Rc1# 0-1

[Event "Late-Titled-Tuesday-Blitz-October-24-2023"]
[Site "Chess.com"]
[Date "2023.10.24"]
[Round "2"]
[White "Alexei_Gubajdullin"]
[Black "The_Princess_Moon"]
[Result "1/2-1/2"]
[WhiteElo "2707"]
[BlackElo "2360"]
[TimeControl "180+1"]
[EndTime "14:18:58 PDT"]
[Termination "Game drawn by repetition"]

1. d4 c5 2. e3 cxd4 3. exd4 d6 4. Nf3 Nf6 5. c3 g6 6. Be2 Bg7 7. O-O O-O 8. a4 a5 9. Na3 b6 10. Nb5 Na6 11. Bg5 Nc7 12. Nd2 Nxb5 13. Bxb5 Bb7 14.
Re1 Ba6 15. Qe2 Bxb5 16. Qxb5 Ra7 17. Nc4 d5 18. Qxb6 Qa8 19. Ne5 Rb7 20. Qc6 Rc8 21. Bxf6 Rxc6 22. Bxg7 Kxg7 23. Nxc6 Rxb2 24. Nxe7 Qb7 25. h4 h5 26. Re3 Rb1+ 27. Rxb1 Qxb1+ 28. Kh2 Qa2 29. Kg3 Qxa4 30. Nxd5 Qb3 31. Nf4 a4 32. d5 a3 33. d6 a2 34. d7 a1=Q 35. d8=Q Qa6 36.
Re8 Qxc3+ 37. Kh2 Qaf6 38. Rg8+ Kh7 39. g3 Qb2 40. Qxf6 Qxf6 41. Re8 Qb6 42. Re2 f6 43.
Kg1 Qa6 44. Re3 Qa1+ 45. Kg2 Qa8+ 46. Kg1 Qa1+ 47. Kh2 Qa2 48. Kg2 Qa8+ 49. Kg1 Qa1+ 1/2-1/2

[Event "Late-Titled-Tuesday-Blitz-October-24-2023"]
[Site "Chess.com"]
[Date "2023.10.24"]
[Round "2"]
[White "Byniolus"]
[Black "stasOR4ik"]
[Result "1-0"]
[WhiteElo "2795"]
[BlackElo "2378"]
[TimeControl "180+1"]
[EndTime "14:18:58 PDT"]
[Termination "Byniolus won on time"]

1. d4 d5 2. Bf4 Nf6 3. e3 c5 4.
c3 Nc6 5. Nd2 e6 6. Ngf3 Bd6 7.
Bg3 a6 8. Bd3 O-O 9. Ne5 h6 10. f4 Nd7 11. O-O f5 12. Ndf3 Ndxe5 13. fxe5 Be7 14. Rc1 b5 15. Kh1 Bd7 16. dxc5 Bxc5 17.
Nd4 Qc7 18. Bxf5 exf5 19. e6 Bd6 20. Bxd6 Qxd6 21. exd7 Qxd7 22. Qf3 Rf6 23. Rcd1 Ne5 24. Qg3 Nc4 25. b3 Nd6 26. Qe5 Nf7 27. Qf4 g5 28. Qf3 Ne5 29. Qg3 Re8 30. h3 a5 31. Rd2 b4 32. cxb4 axb4 33. Rdf2 f4 34. exf4 Ng6 35. fxg5 Rxf2 36. Rxf2 h5 37. Nf5 Re1+ 38. Kh2 Qe6 39. Nh6+ 1-0

[Event "Late-Titled-Tuesday-Blitz-October-24-2023"]
[Site "Chess.com"]
[Date "2023.10.24"]
[Round "2"]
[White "wild3000"]
[Black "ozates"]
[Result "1-0"]
[WhiteElo "2383"]
[BlackElo "2690"]
[TimeControl "180+1"]
[EndTime "14:18:58 PDT"]
[Termination "wild3000 won by resignation"]

1. e4 c5 2. Nf3 Nc6 3. Bb5 e6 4.
Bxc6 bxc6 5. O-O Ne7 6. d3 Ng6 7. Nc3 e5 8. Ne2 Be7 9. Ng3 d6 10. h3 O-O 11. Nf5 Bf6 12. Rb1 a5 13. a4 Ne7 14.
Ne3 g6 15. b3 Bg7 16. Nc4 f5 17. Bg5 f4 18. Qd2 h6 19. Bxe7 Qxe7 20. Nxa5 Bd7 21.
Nc4 g5 22. Nb6 g4 23. hxg4 Bxg4 24. Nh2 Be6 25. Nxa8 Rxa8 26. a5 Bf6 27. Ra1 Qg7 28. Qe2 Kh7 29. a6 Ra7 30. Qh5 Bf7 31. Qh3 h5 32.
Qf5+ Bg6 33. Qe6 Be7 34. Rfb1 Bf7 35. Qf5+ Bg6 36. Qc8 Bh4 37. Nf3 Bf6 38. Qxc6 Be7 39. b4 Bf7 40. bxc5 Be6 41. Kf1 Bd7 42. Qb6 Ra8 43. a7 Rg8 44. Ne1 f3 45. gxf3 Qg1+ 46. Ke2 Bh4 47. cxd6 Rg2 48. Nxg2 Qxg2 49. a8=Q 1-0

[Event "Late-Titled-Tuesday-Blitz-October-24-2023"]
[Site "Chess.com"]
[Date "2023.10.24"]
[Round "2"]
[White "Lennis93"]
[Black "Nathan_Filgueiras"]
[Result "1-0"]
[WhiteElo "2761"]
[BlackElo "2541"]
[TimeControl "180+1"]
[EndTime "14:18:59 PDT"]
[Termination "Lennis93 won by resignation"]

1. e4 c5 2. Nf3 Nc6 3. g3 g6 4. Bg2 Bg7 5. O-O e6 6. c3 Nge7 7. d4 cxd4 8. cxd4 d5 9. e5 O-O 10. Bg5 h6 11. Bf4 g5 12. Bc1 f6 13. exf6 Bxf6 14. h3 Nf5 15. Nc3 Nfxd4 16. Nxd4 Bxd4 17. Qh5 Qf6 18. h4 gxh4 19. Bxh6 hxg3 20. Bxf8 gxf2+ 21. Kh1 Qxf8 22. Rad1 Bd7 23. Rd3 Qg7 24. Nxd5 Qh7 25.
Nf6+ Bxf6 26. Qxh7+ Kxh7 27. Rxd7+ Kg6 28. Be4+ Kg5 29. Rxf2 Rh8+ 30. Kg2 Be5 31. Rxb7 Nd4 32. Rxa7 Nf5 33. Ra5 Bf4 34. Bxf5 exf5 35. b4 Rh2+ 36. Kg1 Rh3 37. b5 Be3 38. Kg2 Kg4 39. Ra4+ f4 40. Rfxf4+ Bxf4 41. Rxf4+ Kxf4 42. Kxh3 1-0

[Event "Late-Titled-Tuesday-Blitz-October-24-2023"]
[Site "Chess.com"]
[Date "2023.10.24"]
[Round "2"]
[White "becemix"]
[Black "cthake"]
[Result "1/2-1/2"]
[WhiteElo "2399"]
[BlackElo "1927"]
[TimeControl "180+1"]
[EndTime "14:18:59 PDT"]
[Termination "Game drawn by repetition"]

1. d4 e6 2. Nc3 b6 3. Nf3 Bb7 4.
Bf4 d6 5. e4 Ne7 6. Bd3 Ng6 7.
Be3 Be7 8. O-O O-O 9. Nd2 Nd7 10. f4 f5 11. Qh5 fxe4 12. Ncxe4 Nf6 13. Qh3 Nxe4 14.
Bxe4 Bxe4 15. Qxe6+ Kh8 16. Qxe4 Qd7 17. f5 Nh4 18.
Rae1 Nxf5 19. Bf4 Rae8 20. Qd3 g6 21. Nf3 Nh4 22. Bg3 Nxf3+ 23. Rxf3 Rxf3 24. Qxf3 Rf8 25. Qe4 Bf6 26. c3 Bg7 27. Qe7 Qc6 28. h3 a5 29.
Re2 Qc4 30. Rf2 Kg8 31. Rxf8+ Bxf8 32. Qe8 Qxa2 33. Bh4 Qb1+ 34. Kh2 Qf5 35. Qd8 Qf7 36. Bf6 h5 37. g4 hxg4 38. hxg4 a4 39. g5 b5 40. Kg3 c5 41. dxc5 dxc5 42. Qc8 b4 43. cxb4 cxb4 44. Qh3 Bg7 45. Qc8+ Bf8 46. Qb8 a3 47.
bxa3 bxa3 48. Qa8 a2 49. Kf4 Qc4+ 50. Kg3 Qb3+ 51. Kf4 Qc4+ 52. Kg3 Qb3+ 53. Kg4 Qe6+ 54. Kf3 Qb3+ 55. Kf4 Qc4+ 1/2-1/2

[Event "Late-Titled-Tuesday-Blitz-October-24-2023"]
[Site "Chess.com"]
[Date "2023.10.24"]
[Round "2"]
[White "Gogolev_Artemy"]
[Black "FabianoCaruana"]
[Result "0-1"]
[WhiteElo "2391"]
[BlackElo "3083"]
[TimeControl "180+1"]
[EndTime "14:19:01 PDT"]
[Termination "FabianoCaruana won on time"]

1. d4 b6 2. Bf4 Bb7 3. e3 d6 4.
Nf3 Nd7 5. h3 Ngf6 6. Be2 g6 7.
O-O Bg7 8. c4 Ne4 9. Qc2 O-O 10.
Nc3 Nxc3 11. Qxc3 e5 12. Bh2 Qe7 13. Qc2 f5 14. dxe5 dxe5 15. Rad1 Kh8 16. b4 a5 17. c5 Be4 18. Qa4 c6 19. Rxd7 Qxd7 20. Rd1 Qe7 21. cxb6 axb4 22. Qb3 Bd5 23. Bc4 Bxf3 24. gxf3 Ra3 25.
Qc2 Rc3 26. Qe2 Qc5 27. Bb3 Qxb6 28. Rd7 Rd8 29. Rxg7 Kxg7 30. Bxe5+ Kf8 31. Bxc3 bxc3 32. Qc4 Kg7 33. Qxc3+ Kh6 34. Qf6 Qc7 35. h4 Qd6 36. Qg5+ Kg7 37. h5 h6 38. Qh4 f4 39. hxg6 Qxg6+ 40. Kh2 Qg5 41. Qxf4 Qxf4+ 42. exf4 c5 43. Kg3 Rd4 44.
f5 c4 45. Bc2 c3 46. f4 Rd2 0-1

[Event "Late-Titled-Tuesday-Blitz-October-24-2023"]
[Site "Chess.com"]
[Date "2023.10.24"]
[Round "2"]
[White "bylavochka"]
[Black "Mikhail_Golubev"]
[Result "0-1"]
[WhiteElo "2330"]
[BlackElo "2553"]
[TimeControl "180+1"]
[EndTime "14:19:01 PDT"]
[Termination "Mikhail_Golubev won by checkmate"]

1. e4 c5 2. Nf3 Nc6 3. d4 cxd4 4.
Nxd4 Nf6 5. Nc3 d6 6. f3 e5 7. Nb3 Be7 8. Be3 O-O 9. Qd2 a5 10. a4 Be6 11. O-O-O Nb4 12. g4 d5 13. g5 d4 14. gxf6 Bxf6 15. Nxd4 exd4 16. Bxd4 Bxd4 17. Qxd4 Qg5+ 18. Qd2 Qf6 19. Bb5 Qxf3 20. Rdf1 Qh5 21. Rhg1 Rad8 22. Qg2 g6 23. Qg3 Qh6+ 24. Kb1 Rd2 25.
Rf2 Rfd8 26. Rxd2 Qxd2 27. Qg2 Qd4 28. Re1 Qe5 29. Qe2 Kg7 30. h4 h5 31. Rg1 Bg4 32. Qe3 Qh2 33. Rf1 Qxc2+ 34. Ka1 Qb3 35. Qf4 Qe6 36. e5 Bf5 37. Ne4 Qa2# 0-1

[Event "Late-Titled-Tuesday-Blitz-October-24-2023"]
[Site "Chess.com"]
[Date "2023.10.24"]
[Round "2"]
[White "eljanov"]
[Black "StellarChessPro"]
[Result "0-1"]
[WhiteElo "2788"]
[BlackElo "2574"]
[TimeControl "180+1"]
[EndTime "14:19:02 PDT"]
[Termination "StellarChessPro won on time"]

1. d4 a6 2. e4 c6 3. c3 d5 4.
e5 Bf5 5. Ne2 e6 6. Ng3 Bg6 7.
h4 h6 8. h5 Bh7 9. Bd3 Bxd3 10.
Qxd3 Nd7 11. f4 c5 12. f5 cxd4 13. cxd4 Bb4+ 14. Nc3 Ne7 15. O-O Qb6 16. Bd2 Nxe5 17. Qe2 Nc4 18. Bf4 Qxd4+ 19. Kh2 Qb6 20. Na4 Qc6 21. b3 O-O 22. fxe6 fxe6 23. bxc4 Qxa4 24. Qxe6+ Kh8 25. Bxh6 Qc6 26. Qxc6 bxc6 27. Bg5 dxc4 28. Rfc1 Nf5 29. Rxc4 Bd6 30. Bf4 Bxf4 31. Rxf4 Nxg3 32. Kxg3 Rxf4 33. Kxf4 Rf8+ 34. Ke5 Kh7 35. Kd6 Rf6+ 36.
Kc5 Kh6 37. a4 Kxh5 38. Ra2 Kh4 39. a5 g5 40. Kb6 c5+ 41. Kxc5 g4 42. Ra3 Rf2 43.
g3+ Kh3 44. Kb6 Rf3 45. Ra1 Rf6+ 46. Kc5 Kxg3 47. Rb1 Kh3 48. Rb6 Rf5+ 49. Kb4 g3 50. Rxa6 g2 0-1

[Event "Late-Titled-Tuesday-Blitz-October-24-2023"]
[Site "Chess.com"]
[Date "2023.10.24"]
[Round "2"]
[White "koncheto"]
[Black "Fonsofan"]
[Result "1-0"]
[WhiteElo "2552"]
[BlackElo "2735"]
[TimeControl "180+1"]
[EndTime "14:19:02 PDT"]
[Termination "koncheto won on time"]

1. e4 c5 2. Nf3 Nc6 3. d4 cxd4 4. Nxd4 e5 5. Nb5 d6 6. c4 Be7 7. N1c3 a6 8. Na3 f5 9. exf5 Bxf5 10. Bd3 Be6 11. O-O Nf6 12. Nc2 O-O 13. Bg5 Ng4 14.
Bxe7 Nxe7 15. h3 Nf6 16. Ne3 Rc8 17. Qd2 Qb6 18. Rfd1 Nc6 19. Bf5 Bxf5 20. Nxf5 Rcd8 21.
b3 g6 22. Qg5 Kh8 23. Nxd6 Qxf2+ 24. Kh1 Nd4 25. Qxe5 Nf3 26. gxf3 Qxf3+ 27. Kg1 Qxh3 28. Nf7+ Rxf7 29. Rxd8+ Kg7 30. Nd5 Qg4+ 31. Kf2 Qh4+ 32. Ke2 Qg4+ 33. Kd2 Qg2+ 34. Kc3 Kh6 35. Nxf6 Qf3+ 36.
Kb4 Rxf6 37. Rh1+ 1-0

[Event "Late-Titled-Tuesday-Blitz-October-24-2023"]
[Site "Chess.com"]
[Date "2023.10.24"]
[Round "2"]
[White "GoltsevDmitry2000"]
[Black "lluiss"]
[Result "1-0"]
[WhiteElo "2646"]
[BlackElo "2197"]
[TimeControl "180+1"]
[EndTime "14:19:03 PDT"]
[Termination "GoltsevDmitry2000 won on time"]

1. e4 c5 2. Nf3 d6 3. d4 cxd4 4. Nxd4 Nf6 5. Nc3 g6 6. Be2 Bg7 7. O-O O-O 8. Be3 Nc6 9. f4 Qb6 10. Na4 Qa5 11. Nc3 Qb6 12. Qd3 Ng4 13. Bxg4 Bxd4 14.
Bxd4 Qxd4+ 15. Qxd4 Nxd4 16. Bxc8 Rfxc8 17. Rf2 Rc4 18. Rd1 Rac8 19. Nd5 Kf8 20. c3 Ne6 21. Re1 R4c5 22.
f5 Nd8 23. Ref1 b5 24. h4 a5 25. f6 e6 26. Nf4 b4 27. cxb4 axb4 28. Rd2 Nb7 29.
b3 Rc2 30. Rd4 Rxa2 31. Rxb4 Nc5 32. Rc1 Ke8 33. Rb6 Rd2 34. b4 Rd4 35. bxc5 Rxe4 36.
g3 dxc5 37. Rb7 c4 38. Re7+ Kf8 39. Ra7 Ke8 40. Kf2 c3 41. Re7+ Kf8 42. Rb7 1-0

[Event "Late-Titled-Tuesday-Blitz-October-24-2023"]
[Site "Chess.com"]
[Date "2023.10.24"]
[Round "2"]
[White "MatthewG-p4p"]
[Black "Alphafischer2019"]
[Result "1-0"]
[WhiteElo "2918"]
[BlackElo "2601"]
[TimeControl "180+1"]
[EndTime "14:19:04 PDT"]
[Termination "MatthewG-p4p won by checkmate"]

1. e4 c5 2. c3 Nf6 3. e5 Nd5 4. Nf3 Nc6 5. Bc4 Nb6 6. Bb3 d5 7.
exd6 Qxd6 8. O-O c4 9. Bc2 Bg4 10. Re1 e6 11. b3 Bh5 12. Na3 cxb3 13. axb3 Be7 14. Nc4 Nxc4 15. bxc4 O-O 16. d4 Rfd8 17. c5 Qc7 18. Qe2 Bf6 19. h3 Bxd4 20. cxd4 Nxd4 21. Bxh7+ Kh8 22. Qe4 Nxf3+ 23. gxf3 g6 24. Bg5 Kxh7 25. Bxd8 Rxd8 26. Rab1 Qxc5 27. Rxb7 Qg5+ 28. Kh2 Kg8 29. f4 Qc5 30. Qe3 Qc2 31. Rxa7 Rd2 32. Ra8+ Kh7 33. Rf1 Rd5 34. Ra7 Kg8 35. Rc1 Qf5 36.
Rc8+ Kh7 37. Rcc7 Kg7 38. Qc3+ e5 39. Rxf7+ Qxf7 40. Rxf7+ Kxf7 41. fxe5 Ke6 42. f4 Rd7 43. Qc6+ Ke7 44. Qf6+ Ke8 45. e6 Re7 46. Qh8# 1-0

[Event "Late-Titled-Tuesday-Blitz-October-24-2023"]
[Site "Chess.com"]
[Date "2023.10.24"]
[Round "2"]
[White "Lion-Al-Messi"]
[Black "eCztery"]
[Result "1-0"]
[WhiteElo "2671"]
[BlackElo "2383"]
[TimeControl "180+1"]
[EndTime "14:19:05 PDT"]
[Termination "Lion-Al-Messi won by checkmate"]

1. e4 c5 2. Nf3 g6 3. d4 cxd4 4. Qxd4 Nf6 5. e5 Nc6 6. Qa4 Nd5 7. Qe4 Nb6 8. Nc3 Bg7 9. Bf4 O-O 10. O-O-O Re8 11.
h4 e6 12. h5 d5 13. exd6 Nd5 14. hxg6 hxg6 15. Bg5 Nxc3 16. bxc3 Qa5 17. d7 Qa3+ 18. Kb1 Bxd7 19. Rxd7 Qxc3 20. Kc1 Nb4 21. Qc4 Qa1+ 22. Kd2 Rac8 23. Rc7 Rcd8+ 24. Bxd8 Rxd8+ 25. Bd3 Qxh1 26. Qxb4 Qxg2 27. Qe4 Qxf2+ 28. Qe2 Qb6 29. Rc4 Qa5+ 30. Kd1 Qxa2 31. Qd2 Qa1+ 32. Ke2 Qf6 33. Re4 e5 34. Qb4 Qc6 35. Qc4 Qd7 36. Re3 Qg4 37. Qxg4 e4 38. Qxe4 f5 39. Qe6+ Kh7 40. Ng5+ Kh6 41. Nf7+ Kh7 42. Rh3+ Kg8 43. Nh6+ Kf8 44. Qf7# 1-0

[Event "Late-Titled-Tuesday-Blitz-October-24-2023"]
[Site "Chess.com"]
[Date "2023.10.24"]
[Round "2"]
[White "dedpihto_v_kozhanom_palto"]
[Black "mishanick"]
[Result "0-1"]
[WhiteElo "2632"]
[BlackElo "3062"]
[TimeControl "180+1"]
[EndTime "14:19:06 PDT"]
[Termination "mishanick won by resignation"]

1. c4 e6 2. Nc3 d5 3. cxd5 exd5 4. d4 c6 5. Nf3 Bf5 6. Bg5 Be7 7. Bxe7 Qxe7 8. e3 Nd7 9. Bd3 Bxd3 10. Qxd3 Ngf6 11.
O-O O-O 12. Rab1 a5 13. Qc2 Nb6 14. Nd2 Nc8 15. Rbe1 Nd6 16. f3 Nc4 17. b3 Nxd2 18. Qxd2 Rad8 19. Na4 Qb4 20. Qc2 Rfe8 21. Nc5 Re7 22.
Nd3 Qd6 23. Qc5 Qc7 24. Re2 Rde8 25. Rfe1 h5 26. a3 h4 27. b4 axb4 28. axb4 Nd7 29. Qa5 b6 30. Qa3 Qd6 31. Qc3 Ra8 32. Rc2 Re6 33.
Nf4 Rf6 34. Ra1 Rxa1+ 35. Qxa1 Qxb4 36. h3 g5 37. Nd3 Qe7 38. Kf2 Re6 39. Qc1 Qd6 40.
Ra2 c5 41. Ra8+ Kg7 42. dxc5 bxc5 43. Rc8 c4 44. Qc3+ d4 45. Qxc4 dxe3+ 46. Ke2 Nf6 47. Qc5 Qg3 48. Qf8+ Kg6 49. Ne1 Qf2+ 50. Kd3 0-1

[Event "Late-Titled-Tuesday-Blitz-October-24-2023"]
[Site "Chess.com"]
[Date "2023.10.24"]
[Round "2"]
[White "rockstar0902"]
[Black "Arash_Tahbaz"]
[Result "1-0"]
[WhiteElo "2630"]
[BlackElo "2882"]
[TimeControl "180+1"]
[EndTime "14:19:07 PDT"]
[Termination "rockstar0902 won on time"]

1. c4 g6 2. Nc3 Bg7 3. g3 d6 4.
Bg2 Nf6 5. e4 O-O 6. Nge2 c5 7.
d4 Nc6 8. d5 Na5 9. b3 a6 10. Rb1 Rb8 11. O-O b5 12. cxb5 axb5 13. b4 cxb4 14. Rxb4 Bd7 15. Nd4 Qc7 16. Ncxb5 Qc5 17.
Qa4 Rfc8 18. Be3 Nc4 19. Rc1 Nxe3 20. Rxc5 dxc5 21. Rb1 cxd4 22. fxe3 dxe3 23. h3 e2 24. Kf2 Rc5 25. e5 Nxd5 26. Qa7 Rcxb5 27. Rxb5 Rxb5 28.
Qxd7 Rb1 29. Kxe2 Nc3+ 30. Kf2 Bxe5 31. Qxe7 Bd4+ 32. Kf3 Kg7 33. h4 Rb2 34. g4 Bf6 35.
Qa7 Rxa2 36. Qc5 1-0

[Event "Late-Titled-Tuesday-Blitz-October-24-2023"]
[Site "Chess.com"]
[Date "2023.10.24"]
[Round "2"]
[White "jaskol95"]
[Black "GMG"]
[Result "0-1"]
[WhiteElo "2542"]
[BlackElo "2768"]
[TimeControl "180+1"]
[EndTime "14:19:07 PDT"]
[Termination "GMG won by resignation"]

1. d4 d5 2. Nc3 Nf6 3. Bf4 a6 4.
e3 b5 5. a3 e6 6. b4 Nbd7 7.
Nf3 Bd6 8. Bd3 Bb7 9. O-O Ne4 10.
Ne2 O-O 11. Nc1 Nb6 12. Nb3 Nc4 13. Bxe4 dxe4 14. Nfd2 e5 15. Nxc4 exf4 16. Nxd6 Qxd6 17. Nc5 Bd5 18. Qg4 fxe3 19. fxe3 Rad8 20. Rf4 Kh8 21. Raf1 Qe7 22. Nxe4 Rde8 23. Ng3 Qxe3+ 24. Kh1 Qe6 25. Qh4 Bc4 26. Rg1 f6 27. Rf2 g6 28. h3 f5 29.
Qh6 Qd6 30. Rf4 Rf7 31. Qg5 Rfe7 32. Kh2 Re3 33. h4 Bd5 34. h5 Qe7 35. Qxe7 R8xe7 36. hxg6 hxg6 37. Nf1 Re2 38. Ng3 Rxc2 39. Rd1 Kg7 40. Kh3 Kf6 41. Rg1 Rh7+ 42. Nh5+ Rxh5+ 43. Kg3 Rc3+ 44. Kf2 g5 45. g4 Rh2+ 46. Kf1 gxf4 0-1